 Dungeon Crawl Stone Soup version 0.31-a0-803-g95b03c3367 (webtiles) character file.

Game seed: 16120802666917101570

90 MackTheKnife the Ruffian (level 5, -6/38 HPs)
             Began as a Meteoran Wanderer on Sept 21, 2023.
             Mangled by an orc
             ... wielding a +0 falchion
              (7 damage)
             ... on level 3 of the Dungeon.
             The game lasted 00:02:24 (866 turns).

MackTheKnife the Ruffian (Meteoran Wanderer)         Turns: 866, Time: 00:02:24

Health: -6/38      AC:  4    Str: 19    XL:     5   Next: 11%
Magic:  8/8        EV: 11    Int: 11    God:
Gold:   98         SH:  0    Dex: 12    Spells: 5/6 levels left

rFire   . .          .
                       - Unarmed
rCold   . . .        (no shield)
rNeg    . . .        f - +0 leather armour
rPois   .            (no helmet)
rElec   .            (no cloak)
rCorr   .            g - +0 pair of gloves
SInv    .            (no boots)
Will    .....        (no amulet)
Stlth   +            (no ring)
HPRegen 0.26/turn    (no ring)
MPRegen 0.11/turn

%: no passive effects
@: glowing
A: sense surroundings 1, otherworldly, glowing, explore regen
a: no special abilities


You were on level 3 of the Dungeon.
You visited 1 branch of the dungeon, and saw 3 of its levels.

You collected 98 gold pieces.


Innate Abilities, Weirdness & Mutations

You passively map a small area around you.
You are easily found by Zot.
You glow in the dark.
You regain HP and MP as you explore.


   Skills:
 - Level 3.6 Throwing
 + Level 7.9 Unarmed Combat
 - Level 1.3 Spellcasting
 - Level 1.2 Fire Magic


You had 5 spell levels left.
You knew the following spells:

 Your Spells              Type           Power      Damage    Failure   Level
a - Foxfire               Conj/Fire      8%         2x1d4     28%         1

Your spell library contained the following spells:

 Spells                   Type           Power      Damage    Failure   Level
 Summon Small Mammal      Summ           0%         N/A       36%         1
 Ignite Poison            Fire/Tmut/Pois 1%         N/A       67%         3
 Call Canine Familiar     Summ           0%         N/A       73%         3
 Summon Guardian Golem    Hex/Summ       0%         N/A       73%         3

Inventory:

Missiles
 c - 21 poisoned darts (quivered) {throwing}
Armour
 f - a +0 leather armour (worn)
 g - a +0 pair of gloves (worn)
   (You found it on level 1 of the Dungeon)
Scrolls
 b - 2 scrolls of fear
 e - a scroll of torment {unknown}
 h - a scroll of noise {unknown}
 i - 2 scrolls of identify {unknown}
 j - a scroll of teleportation {unknown}
 k - 4 scrolls of fog {unknown}
 m - a scroll of immolation {unknown}
Potions
 a - 2 potions of curing {unknown}
 d - a potion of brilliance
 l - a potion of cancellation {unknown}

Dungeon Overview and Level Annotations

Branches:
Dungeon (3/15) Zot: 942

Altars:

Shops:
D:1

* #..<............
#########.............,
..................##. **
###### *#.....†..##...
.# #....!........, * .#
##..#..##...... .
.#######).....##.##.....
......#..###..##o##.....
##.............)@.......
#†.........####........
#..........# ####..... ,
#..........# * ...)
#..........# , ...
#..........# * .. *
#..........# .
#.....>....# .>........#
,


You could see an orc.


Message History

Found a stone staircase leading down. 😎 HP[+4]
Your hp is fully restored (38).
i - 2 scrolls labelled TIXAESITOF (gained 1)
You now have 98 gold pieces (gained 9).
Found a stone staircase leading up.
Unknown command.
An orc and a ball python come into view.
The ball python hisses angrily.
The orc moves out of view.
A ball python is nearby!
A goblin comes into view. It is wielding a +3 dagger.
A quokka comes into view.
The goblin shouts!
A ball python comes into view.
You closely miss the ball python.
The ball python hisses angrily.
You punch the ball python.
You kill the ball python!
An orc comes into view. It is wielding a +0 falchion.
The orc hits you with a +0 hand axe. 😕 HP[-5]
You take 5 damage, and now have 33/38 hp.
You closely miss the orc. You hit the orc.
The goblin hits you but does no damage. The orc hits you with a +0 hand axe.
The ball python bites you but does no damage.
The ball python grabs you.
The ball python constricts you. 😮 HP[-5]
You take 5 damage, and now have 28/38 hp.
Unknown command.
You escape the ball python's grasp.
The goblin attacks as it pursues you! The goblin closely misses you.
The goblin attacks as it pursues you!
The goblin hits you with a +3 dagger. 😮 HP[-5]
You take 5 damage, and now have 23/38 hp. 😮 HP[+1]
You barely miss the orc. The orc closely misses you.
The goblin hits you but does no damage.
You hit the orc but do no damage. The orc misses you.
The goblin hits you with a +3 dagger. 😮 HP[-2]
You take 2 damage, and now have 22/38 hp.
You hit the goblin. The orc hits you but does no damage.
The goblin hits you but does no damage. 😮 HP[+1]
You completely miss the goblin. The orc hits you but does no damage.
The goblin barely misses you.
You closely miss the goblin. You punch the goblin!
You kill the goblin!
The quokka twitches its whiskers.
Press: ? - help, v - describe, . - travel, g - get item
Here: a quokka
Items here: a +3 dagger; a goblin corpse.
The floor.
You punch the quokka!
You kill the quokka! 😮 HP[+1]
You hit the ball python.
You kill the ball python!
The orc closely misses you.
You are too injured to fight recklessly!
You are too injured to fight recklessly!
You hit the orc but do no damage. The orc hits you with a +0 falchion!
* * * LOW HITPOINT WARNING * * *
😨 HP[-7]
You take 7 damage, and now have 17/38 hp.
You closely miss the orc. The orc hits you but does no damage.
The orc hits you with a +0 hand axe.
* * * LOW HITPOINT WARNING * * *
😨 HP[-1]
You take 1 damage, and now have 16/38 hp.
You closely miss the orc. The orc hits you with a +0 falchion.
* * * LOW HITPOINT WARNING * * *
The orc hits you with a +0 hand axe.
* * * LOW HITPOINT WARNING * * *
😱 HP[-8]
You take 8 damage, and now have 8/38 hp.
MASSIVE DAMAGE!! (PAUSE) 😱 HP[+1]
The orc attacks as it pursues you! The orc hits you with a +0 falchion!
* * * LOW HITPOINT WARNING * * *
😱 HP[-7]
You take 7 damage, and now have 2/38 hp. 😱 HP[+1] 😱 HP[+1] 😱 HP[+1] 😱 HP[+1]
You hit the orc but do no damage. The orc hits you with a +0 falchion.
* * * LOW HITPOINT WARNING * * *
😱 HP[-5]
You take 5 damage, and now have 1/38 hp.
You hit the orc but do no damage. You hit the orc but do no damage.
You punch the orc!
You kill the orc!
The orc hits you with a +0 falchion!
You die...

Skill      XL: |  1  2 |
---------------+-------+-----
Unarmed Combat | 7 |  7.9
Throwing       | |  3.6
Spellcasting   | |  1.3
Fire Magic     | |  1.2

Action                     |  1- 3 |  4- 6 || total
---------------------------+-------+-------++-------
  Melee: Unarmed           |    55 |    55 ||   110
         Punch             |     3 |     2 ||     5
    Use: Potion            |     1 |       ||     1
 Armour: Leather armour    |    24 |    31 ||    55
  Dodge: Dodged            |    45 |    15 ||    60

Levels and vault maps discovered:
D:1:      saegor_arrival_simple_b, layout_basic, serial_shops,
          nicolae_shop_waterfront, minmay_3d_cube
D:2:      layout_rooms, shapermc_ecumenical_altar_acropolis, serial_bayou,
          serial_bayou_pond_a, serial_bayou_shore_a, serial_bayou_shore_b,
          serial_bayou_lagoon_a, serial_bayou_pond_c, minmay_split_cup_small
D:3:      layout_rooms, grunt_temple_overflow_order_and_chaos_2

Notes
Turn   | Place    | Note
-------+----------+-------------------------------------------
     0 | D:1      | MackTheKnife the Meteoran Wanderer began the quest for the
                  | Orb.
     0 | D:1      | MackTheKnife set off with the following items: a +0 dagger
                  | {short}, a scroll of fear, 13 poisoned darts {throwing}, a
                  | potion of brilliance, a potion of might, a +0 leather
                  | armour; and the following spell memorised: Foxfire; and the
                  | following spells available to memorise: Ignite Poison.
     0 | D:1      | Reached XP level 1. HP: 14/14 MP: 3/3
     0 | D:1      | magus.rc [v1.9.6]
    53 | D:1      | Reached XP level 2. HP: 18/20 MP: 5/5
   105 | D:1      | Found Ogoli's Assorted Antiques.
   324 | D:1      | HP: 3/20 [gnoll/+0 flail (9)]
   332 | D:1      | Reached skill level 7 in Unarmed Combat
   332 | D:1      | Reached XP level 3. HP: 6/26 MP: 6/6
   421 | D:1      | Reached XP level 4. HP: 19/33 MP: 7/7
   557 | D:2      | Found a faded altar of an unknown god.
   689 | D:3      | You pick up a book of Callings and begin reading...
   689 | D:3      | You add the spells Summon Small Mammal, Call Canine
                  | Familiar and Summon Guardian Golem to your library.
   817 | D:3      | Reached XP level 5. HP: 34/38 MP: 8/8
   854 | D:3      | HP: 8/38 [orc/+0 hand axe (6)]
   856 | D:3      | HP: 2/38 [orc/+0 falchion (7)]
   863 | D:3      | HP: 1/38 [orc/+0 falchion (5)]
   866 | D:3      | Mangled by an orc

Vanquished Creatures
  4 gnolls (D:1)
  A worm (D:3)
  A dart slug (D:3)
  An orc (D:3)
  2 bats
  4 endoplasms
  A giant cockroach (D:1)
  4 goblins
  2 hobgoblins (D:2)
  4 jackals (D:3)
  5 quokkas
  5 ball pythons
  2 frilled lizards (D:1)
  4 kobolds
  4 rats
44 creatures vanquished.

Table legend:
 A = Non-vault XP
 B = Vault XP
 C = Vault XP percentage of total XP
 D = Non-vault monster count
 E = Vault monster count
 F = Vault count percentage of total count
                 A         B        C        D         E       F
            +---------+---------+-------+---------+---------+-------
      Total |     129 |       3 |   2.3 |      42 |       2 |   4.5
            +---------+---------+-------+---------+---------+-------
        D:1 |      79 |       3 |   3.7 |      19 |       2 |   9.5
        D:2 |      13 |       0 |   0.0 |       7 |       0 |   0.0
        D:3 |      37 |       0 |   0.0 |      16 |       0 |   0.0
            +---------+---------+-------+---------+---------+-------

Skill      XL: |  1  2 |
---------------+-------+-----
Unarmed Combat | 7 |  7.9
Throwing       | |  3.6
Spellcasting   | |  1.3
Fire Magic     | |  1.2

Action                     |  1- 3 |  4- 6 || total
---------------------------+-------+-------++-------
  Melee: Unarmed           |    55 |    55 ||   110
         Punch             |     3 |     2 ||     5
    Use: Potion            |     1 |       ||     1
 Armour: Leather armour    |    24 |    31 ||    55
  Dodge: Dodged            |    45 |    15 ||    60

Illustrated notes

Table legend:
 A = Kills in this place as a percentage of kills in the entire game.
 B = Kills by you in this place as a percentage of kills by you in the entire game.
 C = Kills by friends in this place as a percentage of kills by friends in the entire game.
 D = Other kills in this place as a percentage of other kills in the entire game.
 E = Experience gained in this place as a percentage of experience gained in the entire game.
 F = Experience gained in this place divided by the number of levels of this place that you have seen.
                   A       B       C       D       E      F
               +-------+-------+-------+-------+-------+----------------------
         Total | 100.0 | 100.0 |   N/A |   N/A | 100.0 |  44.0
       Dungeon | 100.0 | 100.0 |   N/A |   N/A | 100.0 |  44.0
               +-------+-------+-------+-------+-------+----------------------

Table legend: (Time is in decaauts)
 A = Elapsed time spent in this place.
 B = Non-inter-level travel time spent in this place.
 C = Inter-level travel time spent in this place.
 D = Time resting spent in this place.
 E = Time spent auto-exploring this place.
 F = Levels seen in this place.
 G = Mean time per level.
                   A        B        C        D        E       F      G
               +--------+--------+--------+--------+--------+-----+--------+
         Total |    856 |    819 |     37 |      0 |    482 |   3 |  285.3 |
       Dungeon |    856 |    819 |     37 |      0 |    482 |   3 |  285.3 |
               +--------+--------+--------+--------+--------+-----+--------+

Top non-repeatable levels by time:
     D:1: 415 daAuts
     D:2: 247 daAuts
     D:3: 194 daAuts
